 Dungeon Crawl Stone Soup version 0.27-a0-1325-g58a489ad9e (webtiles) character file.

Game seed: 4160097678583356177

168 Nattfarinn the Changer (level 5, -2/37 HPs)
             Began as a Merfolk Transmuter on June 24, 2021.
             Slain by a gnoll shaman (13 damage)
             ... on level 3 of the Dungeon.
             The game lasted 00:07:05 (4544 turns).

Nattfarinn the Changer (Merfolk Transmuter)         Turns: 4544, Time: 00:07:05

Health: -2/37      AC:  2    Str: 11    XL:     5   Next: 48%
Magic:  5/8        EV: 20    Int: 13    God:
Gold:   133        SH:  0    Dex: 19    Spells: 0/8 levels left

rFire    . . .     SeeInvis .     - Unarmed
rCold    . . .     Faith    .   (shield currently unavailable)
rNeg     . . .     Spirit   .   (armour currently unavailable)
rPois    x         Reflect  .   (helmet currently unavailable)
rElec    .         Harm     .   (cloak currently unavailable)
rCorr    .         Rampage  .   (gloves currently unavailable)
Will     .....                  (boots currently unavailable)
Stlth    +.........             (no amulet)
HPRegen  0.12/turn              (no ring)
MPRegen  0.11/turn              (no ring)

@: brilliant, lit by a corona, spider-form, glowing
A: venomous fangs, tiny, (nimble swimmer 2), (mertail)
a: End Transformation


You were on level 3 of the Dungeon.
You were a venomous arachnid creature.
You visited 1 branch of the dungeon, and saw 4 of its levels.

You collected 133 gold pieces.

Inventory:

Armour
 a - a +0 robe (melded)
 i - a +0 cloak (melded)
 k - a +0 pair of gloves (melded)
Scrolls
 b - a scroll of identify {unknown}
 c - a scroll of teleportation {unknown}
 d - a scroll of magic mapping {unknown}
 e - a scroll of holy word {unknown}
 g - 2 scrolls of amnesia {unknown}
 j - a scroll of enchant weapon {unknown}
 l - a scroll of fog {unknown}
Potions
 f - a potion of curing {unknown}
 h - 2 potions of brilliance
 m - a potion of heal wounds {unknown}


   Skills:
 - Level 1.1 Fighting
 - Level 2.6 Dodging
 - Level 3.2 Unarmed Combat
 - Level 2.0 Spellcasting
 + Level 5.6 Transmutations
 * Level 3.5 Poison Magic


You couldn't memorise any spells.
You knew the following spells:

 Your Spells              Type           Power      Damage    Failure   Level
a - Beastly Appendage     Tmut           48%        N/A       10%         1
b - Spider Form           Tmut/Pois      9%         N/A       28%         3
c - Ice Form              Ice/Tmut       13%        N/A       80%         4

Your spell library contained the following spells:

 Spells                   Type           Power      Damage    Failure   Level
 Wereblood                Tmut           24%        N/A       12%         2
 Magic Dart               Conj           4%         1d3       47%         1
 Blink                    Tloc           N/A        N/A       58%         2
 Call Imp                 Summ           1%         N/A       58%         2
 Slow                     Hex            1%         N/A       58%         2
 Mephitic Cloud           Conj/Pois/Air  6%         N/A       65%         3
 Conjure Flame            Conj/Fire      1%         6-21      78%         3


Dungeon Overview and Level Annotations

Branches:
Dungeon (4/15)
 Temple: D:4-7

Altars:
Makhleb
Okawaru
Wu Jian


Innate Abilities, Weirdness & Mutations

You are a venomous arachnid creature.
You have poisonous fangs.
You are tiny and dextrous.
Your spellcasting is less reliable in this form.
Your armour is entirely melded.
You are incapable of wielding weapons or throwing items.
((You are quick and stealthy near water. (Stealth+, EV+, Speed+++)))
((Your lower body shifts to a powerful aquatic tail in water.))


Message History

The gnoll shaman barely misses you.
The gnoll hits you from afar with a +0 halberd!
You barely miss the gnoll shaman.
The gnoll shaman is lightly wounded.
The gnoll shaman closely misses you.
The gnoll hits you from afar with a +0 halberd.
* * * LOW HITPOINT WARNING * * *
Something unseen opens the door.
The gnoll shaman barely misses you.
An orc comes into view. It is wielding a +0 club.
The orc shouts!
The gnoll shaman looks more healthy.
The gnoll barely misses you.
There is an open door here.
An orc comes into view. It is wielding a +0 mace.
Your transformation has ended.
Your +0 cloak unmelds from your body.
Your +0 pair of gloves unmelds from your body.
Your +0 robe unmelds from your body.
The orc shouts!
There is a stone staircase leading up here.
The gnoll shaman barely misses you.
You climb upwards.
There is a stone staircase leading down here.
It was a potion of brilliance.
You feel clever all of a sudden. The gnoll shaman misses you.
Casting: Spider Form (dangerous; 12% risk of failure)
Confirm with . or Enter, or press ? or * to list all spells.
Okay, then.
Okay, then.
Casting: Spider Form (dangerous; 12% risk of failure)
Confirm with . or Enter, or press ? or * to list all spells.
You feel a surge of power!
You turn into a venomous arachnid creature.
Your +0 cloak melds into your body.
Your +0 pair of gloves melds into your body.
Your +0 robe melds into your body.
The gnoll shaman hits you with a +0 whip!
You die...

#.......#.##.# ##.##.....###.#
###
######.......†...#.#########.####
#.......##......................#
........###...##....########.#..#
#.########.........#.............
#.## #.####.##.##..#########.
...#######.# #.###.....#.......#.
...........# ##.s#.##..#.......#.
....##.....# #g...#.#.#.......#.
#.#.#......# ##....##....._...#.
#..........# ###..##.#.......#.
#...#......#######..##.#...[...#.
.....#..............#..#.......#.
.....##...#...###......#########.
..<..###......###.#.#........)...
..)..# ######.#...#...####..###.#


You could see a gnoll shaman.

Vanquished Creatures
  Crazy Yiuf (D:2)
  An orc wizard (D:3)
  2 gnolls (D:4)
  An adder (D:2)
  3 worms (D:2)
  2 dart slugs
  3 orcs (D:3)
  6 ball pythons
  13 endoplasms
  3 giant cockroaches (D:1)
  5 goblins
  3 hobgoblins
  2 jackals (D:1)
  7 kobolds
  3 quokkas
  3 bats
  4 frilled lizards
  4 rats
66 creatures vanquished.

Notes
Turn   | Place    | Note
-------+----------+-------------------------------------------
     0 | D:1      | Nattfarinn the Merfolk Transmuter began the quest for the
                  | Orb.
     0 | D:1      | Reached XP level 1. HP: 15/15 MP: 3/3
    15 | D:1      | Reached skill level 3 in Transmutations
   371 | D:1      | Reached XP level 2. HP: 11/21 MP: 3/5
   711 | D:1      | Reached skill level 4 in Transmutations
  1281 | D:1      | Reached XP level 3. HP: 25/26 MP: 4/6
  1293 | D:1      | Learned a level 3 spell: Spider Form
  2025 | D:2      | Reached skill level 1 in Poison Magic
  2398 | D:2      | Reached skill level 5 in Transmutations
  2472 | D:2      | Reached XP level 4. HP: 32/32 MP: 3/7
  3103 | D:2      | Found a runed translucent door.
  3104 | D:2      | Noticed Crazy Yiuf
  3118 | D:2      | Killed Crazy Yiuf
  3744 | D:3      | Reached XP level 5. HP: 33/37 MP: 4/8
  3780 | D:3      | Learned a level 4 spell: Ice Form
  4223 | D:3      | Found an iron altar of Okawaru.
  4305 | D:4      | Found a burning altar of Makhleb.
  4323 | D:4      | Found an ornate altar of the Wu Jian Council.
  4544 | D:3      | Slain by a gnoll shaman

Illustrated notes

Levels and vault maps discovered:
D:1:      amcnicky_arrival_blooded_trapdoor, layout_basic
D:2:      layout_basic, uniq_crazy_yiuf_cottage
D:3:      layout_loops_ring, lemuel_tele_altar
D:4:      minmay_bubble_buster, layout_loops_corners, lightli_temple_of_fire,
          nzn_wu_jian_council_hall, uniq_robin

Skill      XL: |  1  2  3  4 |
---------------+-------------+-----
Transmutations | 3 4 5 |  5.6
Poison Magic   | 1 3 |  3.5
Fighting       | |  1.1
Dodging        | |  2.6
Unarmed Combat | |  3.2
Spellcasting   | |  2.0

Action                   |  1- 3 |  4- 6 || total
-------------------------+-------+-------++-------
Melee: Unarmed           |   140 |    94 ||   234
       Headbutt          |    15 |       ||    15
 Cast: Beastly Appendage |    15 |       ||    15
       Spider Form       |     3 |    11 ||    14
  Use: Potion            |       |     1 ||     1
 Stab: Sleeping          |       |     2 ||     2
Armor: Robe              |    26 |    10 ||    36
       Skin              |     1 |     1 ||     2
Dodge: Dodged            |    85 |    54 ||   139

Table legend: (Time is in decaauts)
 A = Elapsed time spent in this place.
 B = Non-inter-level travel time spent in this place.
 C = Inter-level travel time spent in this place.
 D = Time resting spent in this place.
 E = Time spent auto-exploring this place.
 F = Levels seen in this place.
 G = Mean time per level.
                   A        B        C        D        E       F      G
               +--------+--------+--------+--------+--------+-----+--------+
         Total |   4531 |   4407 |    124 |    627 |   3259 |   4 | 1132.8 |
       Dungeon |   4531 |   4407 |    124 |    627 |   3259 |   4 | 1132.8 |
               +--------+--------+--------+--------+--------+-----+--------+

Top non-repeatable levels by time:
     D:1: 2146 daAuts
     D:2: 1240 daAuts
     D:3: 886 daAuts
     D:4: 257 daAuts
